 Dungeon Sprint DCSS version 0.19.1 (webtiles) character file.

7268 equalderp2856 the Eviscerator (level 10, -1/49 HPs)
             Began as a Felid Fighter on Dec 4, 2016.
             Was the Champion of Kikubaaqudgha.
             Killed from afar by a fire giant (50 damage)
             ... with a fireball
             ... in the Dungeon (Sprint IX: "|||||||||||||||||||||||||||||").
             The game lasted 00:16:46 (5886 turns).

equalderp2856 the Eviscerator (Felid Fighter)       Turns: 5886, Time: 00:16:46

Health: -1/49      AC:  2    Str: 16    XL:     10   Next: 89%
Magic:  15/15      EV: 33    Int: 14    God:    Kikubaaqudgha [******]
Gold:   728        SH:  0    Dex: 17    Spells: 7 memorised, 5 levels left
                                        Lives:  0   Deaths: 3

rFire  . . .     SeeInvis +       - Unarmed
rCold  . . .     Gourm    .     (armour unavailable)
rNeg   . . .     Faith    .     (shield unavailable)
rPois  .         Spirit   .     (helmet unavailable)
rElec  .         Reflect  .     (cloak unavailable)
rCorr  .         Harm     .     (gloves unavailable)
MR     +....     NoTele   +     (boots unavailable)
Stlth  +++++.....               (no amulet)
                                g - +3 ring of intelligence
                                c - +3 ring of strength

@: repel missiles, quick
A: no armour, no weapons or thrown items, stealth, claws 1, fangs 3, see
invisible, carnivore 3, speed 1, shaggy fur 2, slow metabolism 1, sharp paws
a: Receive Corpses, Torment, Renounce Religion


You were in the Dungeon.
You worshipped Kikubaaqudgha.
Kikubaaqudgha was exalted by your worship.
You were not hungry.

You visited 1 branch You collected 1963 gold pieces.
You spent 1235 gold pieces at shops.

Inventory:

Jewellery
 c - a +3 ring of strength (left paw)
 g - a +3 ring of intelligence (right paw)
 x - an uncursed ring of protection from magic
 y - an uncursed ring of protection from magic
Wands
 l - a wand of iceblast (7/15)
Scrolls
 h - 3 scrolls of blinking
 i - 3 scrolls of recharging
 j - 5 scrolls of remove curse
 k - 2 scrolls of identify
 m - 2 scrolls of amnesia
Potions
 a - 3 potions of might
 d - a potion of brilliance
 e - 4 potions of haste
 f - 4 potions of magic
 n - a potion of invisibility
 o - a potion of heal wounds
 p - 5 potions of curing
 z - a potion of resistance
 A - a potion of berserk rage
Books
 q - Kikubaaqudgha's Tome of Necromancy
   (Kikubaaqudgha gifted it to you in the Dungeon)

   Spells                             Type                      Level
   a - Pain                           Necromancy                   1
   b - Corpse Rot                     Necromancy                   2
   c - Sublimation of Blood           Necromancy                   2
   d - Regeneration                   Charms/Necromancy            3
   e - Control Undead                 Necromancy                   4
 r - Kikubaaqudgha's Almanac of Darkness
   (Kikubaaqudgha gifted it to you in the Dungeon)

   Spells                             Type                      Level
   a - Bolt of Draining               Conjuration/Necromancy       5
   b - Agony                          Necromancy                   5
   c - Cigotuvi's Embrace             Necromancy                   5
   d - Dispel Undead                  Necromancy                   5
   e - Simulacrum                     Ice/Necromancy               6
 s - a book of Maledictions

   Spells                             Type                      Level
   a - Corona                         Hexes                        1
   b - Ensorcelled Hibernation        Hexes/Ice                    2
   c - Confuse                        Hexes                        3
   d - Tukima's Dance                 Hexes                        3
   e - Dazzling Spray                 Conjuration/Hexes            3
 t - a book of Minor Magic

   Spells                             Type                      Level
   a - Magic Dart                     Conjuration                  1
   b - Blink                          Translocation                2
   c - Call Imp                       Summoning                    2
   d - Repel Missiles                 Charms/Air                   2
   e - Slow                           Hexes                        2
   f - Conjure Flame                  Conjuration/Fire             3
   g - Mephitic Cloud                 Conjuration/Poison/Air       3
 u - a book of Cantrips

   Spells                             Type                      Level
   a - Confusing Touch                Hexes                        1
   b - Animate Skeleton               Necromancy                   1
   c - Summon Small Mammal            Summoning                    1
   d - Apportation                    Translocation                1
 v - a book of Callings

   Spells                             Type                      Level
   a - Summon Small Mammal            Summoning                    1
   b - Call Imp                       Summoning                    2
   c - Call Canine Familiar           Summoning                    3
   d - Summon Guardian Golem          Hexes/Summoning              3
   e - Summon Lightning Spire         Summoning/Air                4
   f - Summon Ice Beast               Ice/Summoning                4
 w - a Necronomicon

   Spells                             Type                      Level
   a - Haunt                          Necromancy/Summoning         7
   b - Borgnjor's Revivification      Necromancy                   8
   c - Death's Door                   Charms/Necromancy            8
   d - Infestation                    Necromancy                   8
   e - Necromutation                  Transmutation/Necromancy     8
Comestibles
 b - 12 meat rations


   Skills:
 + Level 9.1 Fighting
 + Level 17.4 Dodging
 + Level 9.5 Stealth
 + Level 22.7 Unarmed Combat
 * Level 3.2 Spellcasting
 * Level 5.9 Hexes
 + Level 1.9 Charms
 * Level 3.7 Necromancy
 * Level 7.2 Translocations
 + Level 0.5 Air Magic


You had 5 spell levels left.
You knew the following spells:

 Your Spells              Type           Power        Failure   Level  Hunger
a - Pain                  Necr           ##..         4%          1    #......
b - Animate Skeleton      Necr           N/A          4%          1    #......
c - Blink                 Tloc           N/A          1%          2    ##.....
d - Confusing Touch       Hex            ###...       1%          1    #......
e - Corona                Hex            ###....      1%          1    #......
f - Ensorcelled Hibernat  Hex/Ice        ##....       12%         2    ##.....
g - Repel Missiles        Chrm/Air       #.....       21%         2    ##.....


Dungeon Overview and Level Annotations

Branches:
Dungeon (1/1)

Altars:
Cheibriados
Dithmenos
Elyvilon
Fedhas
Gozag
Hepliaklqana
Kikubaaqudgha
Makhleb
Nemelex Xobeh
Okawaru
Qazlal
Ru
Sif Muna
Trog
Uskayaw
Vehumet
Xom
Yredelemnul
Zin
The Shining One
Beogh
Jiyva
Lugonu

Shops:
D !}}:


Innate Abilities, Weirdness & Mutations

You cannot wear armour.
You are incapable of wielding weapons or throwing items.
Your paws allow you to move quietly. (Stealth)
You have sharp claws.
You have razor-sharp teeth.
You have supernaturally acute eyesight. (SInv)
You are carnivorous and can eat meat at any time.
You cover ground quickly.
You are covered in thick fur. (AC +2)
You have a slow metabolism.
Your sharp claws are effective at attacking unaware monsters.


Message History

You see here a +2 falchion of holy wrath.
You see here a +0 triple crossbow.
You see here a +1 great mace.
You see here a +1 lajatang.
You see here +0 mottled dragon scales.
You see here a +2 plate armour.
You see here +0 shadow dragon scales.
You see here a +3 leather armour of magic resistance.
You see here a +2 plate armour.
You see here a +3 scale mail.
You see here +1 ice dragon scales.
You see here a +3 chain mail.
The fire giant is too close now for your liking.
You see here an arrow.
The fire giant shouts!
The fire giant gestures at you while chanting.
The fireball explodes!
The fireball engulfs you!
Ouch! That really hurt!
You die...
Kikubaaqudgha rasps: "You have failed me!
Welcome... death!"

▓[▓.▓.▓.▓∩▓.▓†▓
▓)▓.▓.▓.▓.▓.▓.▓
▓|▓.▓.▓.▓.▓)▓.▓
▓.▓.▓.▓.▓.▓.▓.▓
▓.▓.▓.▓.▓.▓.▓C▓
▓'▓.▓'▓.▓.▓.▓.▓
▓.▓.▓.▓.▓'▓.▓.▓
▓_▓.▓.▓.▓.▓.▓?▓
▓_▓.▓.▓.▓.▓(▓@▓
▓_▓.▓.▓.▓.▓.▓.▓
▓_▓.▓.▓.▓.▓.▓(▓
▓_▓.▓.▓.▓.▓.▓.▓
▓_▓.▓.▓.▓.▓.▓.▓
▓_▓.▓.▓.▓.▓.▓.▓
▓_▓.▓.▓.▓.▓.▓.▓
▓_▓.▓'▓.▓.▓.▓[▓
▓_▓.▓.▓)▓.▓.▓[▓


You could see a fire giant.

Vanquished Creatures
  Gastronok (D)
  A fire giant (D)
  A stone giant (D)
  Harold (D)
  Erolcha (D)
  Erica (D)
  A deep troll earth mage (D)
  3 orc knights (D)
  An ugly thing (D)
  5 orc sorcerers (D)
  2 deep elf magi (D)
  Joseph (D)
  2 black mambas (D)
  A yaktaur (D)
  A freezing wraith (D)
  2 komodo dragons (D)
  3 polar bears (D)
  A slime creature (D)
  3 hippogriffs (D)
  A shadow (D)
  A wraith (D)
  2 yaks (D)
  A wyvern (D)
  A warg (shapeshifter) (D)
  2 water moccasins (D)
  2 porcupines (D)
  11 orc warriors (D)
  6 black bears (D)
  A necrophage (D)
  2 centaurs (D)
  2 crocodiles (D)
  4 bullfrogs (D)
  A scorpion (D)
  2 crimson imps (D)
  A hound (D)
  An iguana (D)
  10 orc wizards (D)
  A worker ant (D)
  An adder skeleton (D)
  An adder zombie (D)
  12 orcs (D)
  A ball python (D)
  2 goblins (D)
  A bat (D)
  A frilled lizard (D)
  A giant cockroach zombie (D)
104 creatures vanquished.

Notes
Turn   | Place    | Note
-------+----------+-------------------------------------------
     0 | D        | equalderp2856 the Felid Fighter began the quest for the Orb.
     0 | D        | Reached XP level 1. HP: 10/10 MP: 2/2
   105 | D        | Noticed a crimson imp
   105 | D        | Noticed a crimson imp
   105 | D        | Noticed an iguana
   105 | D        | Noticed a scorpion
   130 | D        | Killed a crimson imp
   130 | D        | Reached skill level 5 in Dodging
   130 | D        | Reached skill level 6 in Unarmed Combat
   130 | D        | Reached XP level 2. HP: 7/15 MP: 3/3
   130 | D        | Reached XP level 3. HP: 8/18 MP: 4/4
   132 | D        | Reached skill level 7 in Unarmed Combat
   132 | D        | Reached XP level 4. HP: 10/22 MP: 5/5
   138 | D        | Reached skill level 5 in Fighting
   138 | D        | Reached skill level 8 in Unarmed Combat
   139 | D        | Slain by an iguana
   140 | D        | Reached XP level 3. HP: -4/19 MP: 4/4
   298 | D        | Noticed a yak
   298 | D        | Noticed a komodo dragon
   298 | D        | Noticed a bullfrog
   298 | D        | Noticed a water moccasin
   298 | D        | Noticed a yak
   298 | D        | Noticed a bullfrog
   301 | D        | Noticed a porcupine
   305 | D        | Killed a bullfrog
   305 | D        | Reached skill level 9 in Unarmed Combat
   305 | D        | Reached XP level 4. HP: 14/24 MP: 5/5
   429 | D        | Noticed a hippogriff
   432 | D        | Killed a yak
   432 | D        | Reached skill level 10 in Unarmed Combat
   432 | D        | Reached XP level 5. HP: 28/28 MP: 6/6
   432 | D        | Gained mutation: You are covered in thick fur. (AC +2) [Felid growth]
   432 | D        | Reached XP level 6. HP: 31/31 MP: 7/7
   437 | D        | Noticed a porcupine
   438 | D        | Killed a water moccasin
   438 | D        | Reached skill level 10 in Dodging
   438 | D        | Reached skill level 11 in Unarmed Combat
   656 | D        | Killed a komodo dragon
   656 | D        | Reached skill level 12 in Unarmed Combat
   656 | D        | Reached XP level 7. HP: 36/36 MP: 8/8
   660 | D        | Killed a yak
   660 | D        | Reached skill level 13 in Unarmed Combat
   920 | D        | Killed a hippogriff
   920 | D        | Reached XP level 8. HP: 15/40 MP: 9/9
  1148 | D        | Noticed a black mamba
  1148 | D        | Noticed a hippogriff
  1153 | D        | Reached skill level 14 in Unarmed Combat
  1154 | D        | Noticed a black mamba
  1161 | D        | Noticed a komodo dragon
  1161 | D        | Killed a hippogriff
  1169 | D        | Killed a black mamba
  1169 | D        | Reached skill level 1 in Stealth
  1169 | D        | Reached skill level 15 in Unarmed Combat
  1172 | D        | Reached XP level 9. HP: 45/45 MP: 10/10
  1178 | D        | Killed a black mamba
  1186 | D        | Reached skill level 16 in Unarmed Combat
  1190 | D        | Killed a komodo dragon
  1285 | D        | Noticed a polar bear
  1285 | D        | Noticed a polar bear
  1286 | D        | Noticed a polar bear
  1297 | D        | Killed a polar bear
  1306 | D        | Killed a polar bear
  1311 | D        | Reached skill level 17 in Unarmed Combat
  1402 | D        | Killed a polar bear
  1560 | D        | Noticed a deep elf mage
  1575 | D        | Reached skill level 15 in Dodging
  1575 | D        | Reached XP level 10. HP: 49/49 MP: 11/11
  1581 | D        | Noticed an orange demon
  1585 | D        | Killed a deep elf mage
  1585 | D        | Reached skill level 5 in Stealth
  1796 | D        | Reached skill level 18 in Unarmed Combat
  2043 | D        | Found a glowing golden altar of the Shining One.
  2043 | D        | Found a glowing silver altar of Zin.
  2043 | D        | Found a basalt altar of Yredelemnul.
  2043 | D        | Found a shimmering altar of Xom.
  2043 | D        | Found a radiant altar of Vehumet.
  2044 | D        | Found a hide-covered altar of Uskayaw.
  2045 | D        | Found a bloodstained altar of Trog.
  2046 | D        | Found a deep blue altar of Sif Muna.
  2047 | D        | Found a sacrificial altar of Ru.
  2048 | D        | Found a stormy altar of Qazlal.
  2049 | D        | Found an iron altar of Okawaru.
  2050 | D        | Found a sparkling altar of Nemelex Xobeh.
  2051 | D        | Found a burning altar of Makhleb.
  2052 | D        | Found a corrupted altar of Lugonu.
  2053 | D        | Found an ancient bone altar of Kikubaaqudgha.
  2054 | D        | Found a viscous altar of Jiyva.
  2055 | D        | Found a hazy altar of Hepliaklqana.
  2056 | D        | Found an opulent altar of Gozag.
  2057 | D        | Found a blossoming altar of Fedhas.
  2058 | D        | Found a white marble altar of Elyvilon.
  2059 | D        | Found a shadowy altar of Dithmenos.
  2060 | D        | Found a snail-covered altar of Cheibriados.
  2061 | D        | Found a roughly hewn altar of Beogh.
  2179 | D        | Became a worshipper of Kikubaaqudgha
  2448 | D        | Reached * piety under Kikubaaqudgha
  2448 | D        | Identified Kikubaaqudgha's Tome of Necromancy (Kikubaaqudgha gifted it to you in the Dungeon)
  2448 | D        | Received a gift from Kikubaaqudgha
  2461 | D        | Reached ** piety under Kikubaaqudgha
  2473 | D        | Reached *** piety under Kikubaaqudgha
  2473 | D        | Identified Kikubaaqudgha's Almanac of Darkness (Kikubaaqudgha gifted it to you in the Dungeon)
  2473 | D        | Received a gift from Kikubaaqudgha
  2632 | D        | Learned a level 1 spell: Pain
  2747 | D        | Noticed an orc knight
  2748 | D        | Noticed an orc knight
  2879 | D        | Killed an orc knight
  3098 | D        | Reached **** piety under Kikubaaqudgha
  3120 | D        | Killed an orc knight
  3120 | D        | Reached skill level 19 in Unarmed Combat
  3207 | D        | Reached ***** piety under Kikubaaqudgha
  3514 | D        | Noticed an orc knight
  3515 | D        | Noticed an orc knight
  3572 | D        | Slain by an orc knight
  3573 | D        | Reached XP level 9. HP: -1/45 MP: 10/10
  3586 | D        | Noticed Erolcha
  3593 | D        | Killed Erolcha
  3593 | D        | Reached XP level 10. HP: 49/49 MP: 11/11
  3597 | D        | Noticed Joseph
  3609 | D        | Killed Joseph
  3784 | D        | Noticed Harold
  3804 | D        | Killed Harold
  3804 | D        | Reached skill level 20 in Unarmed Combat
  3806 | D        | Noticed Erica
  3813 | D        | Killed Erica
  3815 | D        | Noticed Gastronok
  3827 | D        | Killed Gastronok
  3827 | D        | Reached skill level 21 in Unarmed Combat
  3848 | D        | Found Ogikoze's Distillery.
  3848 | D        | Noticed an orc sorcerer
  3849 | D        | Noticed an orc sorcerer
  3852 | D        | Killed an orc sorcerer
  3854 | D        | Found Jios's Gadget Boutique.
  3855 | D        | Reached ****** piety under Kikubaaqudgha
  3858 | D        | Killed an orc sorcerer
  3858 | D        | Reached XP level 11. HP: 53/53 MP: 12/12
  3859 | D        | Found Baun's Gadget Shop.
  3862 | D        | Noticed an orc sorcerer
  3864 | D        | Found Tarix's Book Boutique.
  3866 | D        | Noticed an orc sorcerer
  3870 | D        | Noticed an orc sorcerer
  3875 | D        | Killed an orc sorcerer
  3882 | D        | Killed an orc sorcerer
  3886 | D        | Killed an orc sorcerer
  3890 | D        | Reached skill level 22 in Unarmed Combat
  3975 | D        | Killed an orc knight
  4146 | D        | Bought a book of Maledictions for 325 gold pieces
  4146 | D        | Bought a book of Minor Magic for 260 gold pieces
  4146 | D        | Bought a book of Cantrips for 260 gold pieces
  4146 | D        | Bought a book of Callings for 390 gold pieces
  4155 | D        | Received a gift from Kikubaaqudgha
  4161 | D        | Learned a level 1 spell: Animate Skeleton
  4164 | D        | Learned a level 2 spell: Blink
  4166 | D        | Learned a level 1 spell: Confusing Touch
  4168 | D        | Learned a level 1 spell: Corona
  4171 | D        | Learned a level 2 spell: Ensorcelled Hibernation
  4174 | D        | Learned a level 2 spell: Repel Missiles
  4325 | D        | Noticed a deep elf mage
  4325 | D        | Noticed a brown ugly thing
  4333 | D        | Killed a brown ugly thing
  4333 | D        | Reached skill level 1 in Hexes
  4333 | D        | Reached skill level 1 in Translocations
  4337 | D        | Reached skill level 1 in Spellcasting
  4337 | D        | Reached skill level 1 in Necromancy
  4354 | D        | Noticed a stone giant
  4503 | D        | HP: 2/53 [stone giant/large rock (14)]
  4925 | D        | Killed a stone giant
  5209 | D        | Killed a deep elf mage
  5209 | D        | Reached skill level 1 in Charms
  5320 | D        | Noticed a deep troll earth mage
  5322 | D        | Noticed a fire giant
  5324 | D        | Noticed a fire giant
  5327 | D        | Killed a deep troll earth mage
  5327 | D        | Reached skill level 5 in Translocations
  5334 | D        | Killed a fire giant
  5334 | D        | Reached skill level 5 in Hexes
  5673 | D        | Killed from afar by a fire giant
  5674 | D        | Reached XP level 10. HP: -3/49 MP: 15/15
  5886 | D        | Killed from afar by a fire giant

Skill      XL: |  1  2  3  4  5  6  7  8  9 10 11 |
---------------+----------------------------------+-----
Fighting       | 4 6 7 8 9 |  9.1
Dodging        | 5 8 9 11 12 13 16 17 | 17.4
Unarmed Combat | 6 9 10 12 13 15 17 21 22 | 22.7
Stealth        | 1 7 8 9 |  9.5
Hexes          | 5 |  5.9
Translocations | 7 |  7.2
Spellcasting   | 3 |  3.2
Necromancy     | 3 |  3.7
Charms         | 1 |  1.9
Air Magic      | |  0.5

Action                   |  1- 3 |  4- 6 |  7- 9 | 10-12 || total
-------------------------+-------+-------+-------+-------++-------
Melee: Unarmed           |    39 |    34 |   102 |   246 ||   421
       Bite              |     4 |     5 |    11 |    28 ||    48
       Punch             |       |     2 |    11 |    38 ||    51
 Cast: Blink             |       |       |       |     2 ||     2
       Repel Missiles    |       |       |       |     2 ||     2
Invok: Receive Necronomi |       |       |       |     1 ||     1
  Use: Potion            |     1 |     1 |     1 |     5 ||     8
 Stab: Distracted        |       |       |     3 |       ||     3
       Sleeping          |       |       |     2 |     2 ||     4
  Eat: Chunk             |       |       |     8 |     1 ||     9
       Meat ration       |       |       |       |     1 ||     1
Armor: Skin              |     3 |     2 |     3 |     2 ||    10
Dodge: Dodged            |    40 |    23 |    97 |   128 ||   288
       Deflected         |       |       |       |     1 ||     1
